 Dungeon Crawl Stone Soup version 0.22.1-5-g62c59d919a (webtiles) character file.

639698 Gargoyl the Agent of Entropy (level 27, -17/244 HPs)
             Began as a Centaur Abyssal Knight on Jan 12, 2019.
             Was a Priest of Lugonu.
             Killed from afar by a Brimstone Fiend (56 damage)
             ... with damnation
             ... in Pandemonium on Jan 14, 2019.
             The game lasted 03:32:08 (116128 turns).

Gargoyl the Agent of Entropy (CeAK)               Turns: 116128, Time: 03:32:09

Health: -17/244    AC: 34    Str: 23    XL:     27
Magic:  33/38      EV: 16    Int:  9    God:    Lugonu [***...]
Gold:   5385       SH: 22    Dex: 21    Spells: 26/26 levels left

rFire    + + +     SeeInvis +   u - +8 broad axe "Benexuog" {elec, +Inv}
rCold    + + +     Gourm    .   b - +5 shield {rC+ rF+}
rNeg     + + .     Faith    .   M - +7 chain mail of Least Resistance {rPois}
rPois    +         Spirit   .   Q - +0 mask of the Dragon {MR+ Slay+3 SInv}
rElec    +         Reflect  +   N - scarf {rC+ rF+}
rCorr    .         Harm     .   K - +2 pair of gloves {Str+3}
MR       +++..     Rnd*Tele +   a - +3 centaur barding of a treasure trove {*Slow rN+ Dex+6}
Stlth    ..........             f - +2 amulet of reflection
HPRegen  0.50/turn              L - ring of positive energy
MPRegen  0.26/turn              H - ring "Funyr" {rElec rF+ rC+}

@: about to teleport, slowed
A: large, hooves 3, camouflage 1, agile 1, blink, cold resistance 1, deformed
body, dopey 1, speed 2, sense surroundings 1, screaming 1, teleportitis 1, tough
skin 3, weak 2, MP-powered wands
}: 3/15 runes: serpentine, barnacled, silver
a: Blink, Depart the Abyss, Bend Space, Banish, Renounce Religion, Evoke
Invisibility


You were in Pandemonium.
You worshipped Lugonu.
Lugonu was most pleased with you.
You were hungry.

You visited 11 branches of the dungeon, and saw 49 of its levels.
You visited Pandemonium 1 time, and saw 4 of its levels.
You visited the Abyss 12 times.
You also visited: Ice Cave.

You collected 8666 gold pieces.
You spent 3281 gold pieces at shops.

Inventory:

Hand Weapons
 h - a +6 broad axe of flaming
 u - the +8 broad axe "Benexuog" (weapon) {elec, +Inv}
   (You found it on level 1 of the Abyss)

   Occasionally, upon striking a foe, it will discharge some electrical energy
   and cause terrible harm.
   It lets you turn invisible.
 B - a +3 war axe of venom
Missiles
 w - 61 tomahawks (quivered)
Armour
 a - the +3 centaur barding of a treasure trove (worn) {*Slow rN+ Dex+6}
   (You acquired it on level 1 of the Abyss)

   It affects your dexterity (+6).
   It protects you from negative energy.
   It may slow you when you take damage.
 b - a +5 shield of resistance (worn)
 e - a +4 centaur barding of fire resistance
 G - the +0 cloak of Deonaem {MR+ Int-5 Dex+5}
   (You found it on level 3 of the Elven Halls)

   It affects your intelligence (-5).
   It affects your dexterity (+5).
   It affects your resistance to hostile enchantments.
 K - a +2 pair of gloves of strength (worn)
 M - the +7 chain mail of Least Resistance (worn) {rPois}
   (You found it on level 10 of the Dungeon)

   It protects you from poison.
 N - a scarf of resistance (worn)
 Q - the +0 mask of the Dragon (worn) {MR+ Slay+3 SInv}
   (You bought it in a shop on level 2 of the Orcish Mines)

   It affects your accuracy and damage with ranged weapons and melee attacks
   (+3).
   It affects your resistance to hostile enchantments.
   It lets you see invisible.
Jewellery
 d - an uncursed ring of protection from magic
 f - a +2 amulet of reflection (around neck)
 H - the ring "Funyr" (right hand) {rElec rF+ rC+}
   (You acquired it on level 4 of the Lair of Beasts)

   [ring of protection from cold]

   It protects you from fire.
   It protects you from cold.
   It insulates you from electricity.
 L - a ring of positive energy (left hand)
 S - the amulet of the Four Winds {rN+ MR+++ Clar}
   (You found it on level 2 of the Lair of Beasts)

   [amulet of nothing]

   It protects you from negative energy.
   It affects your resistance to hostile enchantments.
   It protects you against confusion.
Wands
 c - a wand of clouds (4)
 j - a wand of acid (9)
 q - a wand of polymorph (34)
 J - a wand of digging (23)
 P - a wand of disintegration (9)
Scrolls
 g - 6 scrolls of identify
 i - 33 scrolls of remove curse
 p - 2 scrolls of magic mapping
 r - 7 scrolls of teleportation
 s - 2 scrolls of enchant weapon
 y - 3 scrolls of fear
 D - 6 scrolls of fog
 E - 3 scrolls of summoning
 F - a scroll of amnesia
 I - 3 scrolls of enchant armour
 O - 7 scrolls of blinking
 V - 4 scrolls of brand weapon
Potions
 k - a potion of cancellation
 l - 6 potions of flight
 m - 7 potions of agility
 n - 5 potions of resistance
 t - 11 potions of curing
 v - 4 potions of might
 x - 5 potions of magic
 z - 3 potions of berserk rage
 A - 10 potions of invisibility
 C - a potion of haste
 T - 5 potions of heal wounds
 W - 3 potions of ambrosia
 Y - 3 potions of brilliance
Miscellaneous
 U - a lightning rod (4/4)
Comestibles
 o - 40 rations


   Skills:
 + Level 19.3 Fighting
 - Level 18.0 Axes
 + Level 1.1 Throwing
 * Level 18.2 Armour
 * Level 16.8 Dodging
 + Level 16.0 Shields
 * Level 22.0 Invocations
 + Level 0.6 Evocations


You had 26 spell levels left.
You didn't know any spells.
Your spell library contained the following spells:

 Spells                   Type           Power        Failure   Level  Hunger
 Animate Skeleton         Necr           N/A          83%         1    ##.....
 Apportation              Tloc           #.....       83%         1    ##.....
 Beastly Appendage        Tmut           #.....       83%         1    ##.....
 Confusing Touch          Hex            #.....       83%         1    ##.....
 Corona                   Hex            #......      83%         1    ##.....
 Flame Tongue             Conj/Fire      #....        83%         1    ##.....
 Freeze                   Ice            #...         83%         1    ##.....
 Infusion                 Chrm           #...         83%         1    ##.....
 Magic Dart               Conj           #...         83%         1    ##.....
 Pain                     Necr           #...         83%         1    ##.....
 Sandblast                Erth           #.....       83%         1    ##.....
 Shock                    Conj/Air       #...         83%         1    ##.....
 Summon Butterflies       Summ           #.......     83%         1    ##.....
 Summon Small Mammal      Summ           #...         83%         1    ##.....
 Blink                    Tloc           N/A          93%         2    ###....
 Call Imp                 Summ           #.......     93%         2    ###....
 Corpse Rot               Necr           N/A          93%         2    ###....
 Ensorcelled Hibernation  Hex/Ice        #.....       93%         2    ###....
 Passwall                 Tmut/Erth      #.......     93%         2    ###....
 Searing Ray              Conj           #.....       93%         2    ###....
 Slow                     Hex            #.......     93%         2    ###....
 Sticks to Snakes         Tmut           #.......     93%         2    ###....
 Swiftness                Chrm/Air       #.......     93%         2    ###....
 Throw Flame              Conj/Fire      #.....       93%         2    ###....
 Throw Frost              Conj/Ice       #.....       93%         2    ###....
 Call Canine Familiar     Summ           #.......     99%         3    ####...
 Confuse                  Hex            #.......     99%         3    ####...
 Conjure Flame            Conj/Fire      #.......     99%         3    ####...
 Dazzling Spray           Conj/Hex       #.....       99%         3    ####...
 Gell's Gravitas          Tloc           #.........   99%         3    ####...
 Ignite Poison            Fire/Tmut/Pois #.......     99%         3    ####...
 Inner Flame              Hex/Fire       #.......     99%         3    ####...
 Lesser Beckoning         Tloc           #.........   99%         3    ####...
 Mephitic Cloud           Conj/Pois/Air  #.......     99%         3    ####...
 Ozocubu's Armour         Chrm/Ice       #.......     99%         3    ####...
 Portal Projectile        Hex/Tloc       #.....       99%         3    ####...
 Recall                   Summ/Tloc      N/A          99%         3    ####...
 Regeneration             Chrm/Necr      #.........   99%         3    ####...
 Spectral Weapon          Hex/Chrm       #.......     99%         3    ####...
 Spider Form              Tmut/Pois      #.........   99%         3    ####...
 Static Discharge         Conj/Air       #.......     99%         3    ####...
 Stone Arrow              Conj/Erth      #.....       99%         3    ####...
 Summon Guardian Golem    Hex/Summ       #.......     99%         3    ####...
 Tukima's Dance           Hex            #.......     99%         3    ####...
 Vampiric Draining        Necr           #.........   99%         3    ####...
 Airstrike                Air            #.........   100%        4    #####..
 Animate Dead             Necr           N/A          100%        4    #####..
 Cause Fear               Hex            #.........   100%        4    #####..
 Force Lance              Conj/Tloc      #.......     100%        4    #####..
 Fulminant Prism          Conj/Hex       #.........   100%        4    #####..
 Ice Form                 Ice/Tmut       #.......     100%        4    #####..
 Iskenderun's Mystic Bla  Conj           #.......     100%        4    #####..
 Leda's Liquefaction      Hex/Erth       #.........   100%        4    #####..
 Olgreb's Toxic Radiance  Pois           #.......     100%        4    #####..
 Petrify                  Tmut/Erth      #.......     100%        4    #####..
 Sticky Flame             Conj/Fire      #.......     100%        4    #####..
 Summon Ice Beast         Ice/Summ       #.......     100%        4    #####..
 Summon Lightning Spire   Summ/Air       #.......     100%        4    #####..
 Throw Icicle             Conj/Ice       #.......     100%        4    #####..
 Agony                    Necr           #.......     100%        5    ######.
 Alistair's Intoxication  Tmut/Pois      #.......     100%        5    ######.
 Aura of Abjuration       Summ           #.........   100%        5    ######.
 Blade Hands              Tmut           #.........   100%        5    ######.
 Bolt of Draining         Conj/Necr      #.........   100%        5    ######.
 Bolt of Magma            Conj/Fire/Erth #.........   100%        5    ######.
 Borgnjor's Vile Clutch   Necr/Erth      #.........   100%        5    ######.
 Dispel Undead            Necr           #.......     100%        5    ######.
 Fireball                 Conj/Fire      #.........   100%        5    ######.
 Iskenderun's Battlesphe  Conj/Chrm      #.......     100%        5    ######.
 Lee's Rapid Deconstruct  Erth           #.........   100%        5    ######.
 Lightning Bolt           Conj/Air       #.........   100%        5    ######.
 Metabolic Englaciation   Hex/Ice        #.........   100%        5    ######.
 Silence                  Hex/Air        #.........   100%        5    ######.
 Summon Demon             Summ           #.........   100%        5    ######.
 Summon Forest            Summ/Tloc      #.........   100%        5    ######.
 Summon Mana Viper        Hex/Summ       #.......     100%        5    ######.
 Venom Bolt               Conj/Pois      #.........   100%        5    ######.
 Yara's Violent Unravell  Hex/Tmut       #.........   100%        5    ######.
 Bolt of Cold             Conj/Ice       #.........   100%        6    #######
 Bolt of Fire             Conj/Fire      #.........   100%        6    #######
 Conjure Ball Lightning   Conj/Air       #.........   100%        6    #######
 Death Channel            Necr           #.........   100%        6    #######
 Deflect Missiles         Chrm/Air       #.........   100%        6    #######
 Freezing Cloud           Conj/Ice/Air   #.........   100%        6    #######
 Invisibility             Hex            #.......     100%        6    #######
 Iron Shot                Conj/Erth      #.........   100%        6    #######
 Ozocubu's Refrigeration  Ice            #.........   100%        6    #######
 Shadow Creatures         Summ           N/A          100%        6    #######
 Simulacrum               Ice/Necr       #.........   100%        6    #######
 Statue Form              Tmut/Erth      #........    100%        6    #######
 Dragon Form              Tmut           #.........   100%        7    #######
 Haunt                    Necr/Summ      #.........   100%        7    #######
 Malign Gateway           Summ/Tloc      #.........   100%        7    #######
 Monstrous Menagerie      Summ           #.........   100%        7    #######
 Orb of Destruction       Conj           #.........   100%        7    #######
 Ring of Flames           Chrm/Fire      #.........   100%        7    #######
 Spellforged Servitor     Conj/Summ      #.........   100%        7    #######
 Summon Greater Demon     Summ           #.........   100%        7    #######
 Summon Hydra             Summ           #.........   100%        7    #######
 Discord                  Hex            #.........   100%        8    #######
 Ignition                 Fire           #.........   100%        8    #######
 Summon Horrible Things   Summ           #.........   100%        8    #######
 Dragon's Call            Summ           #.........   100%        9    #######
 Shatter                  Erth           #.........   100%        9    #######
 Tornado                  Air            #.........   100%        9    #######


Dungeon Overview and Level Annotations

Branches:
Dungeon (15/15)            Temple (0/1) D:6            Lair (6/6) D:9
 Shoals (4/4) Lair:4        Snake (4/4) Lair:3        Slime (1/5) Lair:5
    Orc (2/2) D:12            Elf (3/3) Orc:2        Vaults (5/5) D:14
  Crypt (3/3) Vaults:2       Tomb (1/3) Crypt:3      Depths (5/5) D:15
    Zot (0/5) Depths:5

Altars:
Ashenzari
Dithmenos
Fedhas
Kikubaaqudgha
Makhleb
Nemelex Xobeh
Ru
Uskayaw
Vehumet
Wu Jian
Xom
Yredelemnul
The Shining One
Beogh

Shops:
D:5 *   D:13 *(}   D:14 %   Orc:2 [[?!   Elf:2 !   Shoals:1 *(*   Shoals:4 *[*(
Vaults:1 :   Vaults:2 (!   Vaults:4 *   Vaults:5 %%!*   Depths:2 *!??

Portals:
Hell: Depths:1 Depths:2 Depths:3 Depths:4 Depths:5
Abyss: Depths:2 Depths:3 Depths:4 Depths:5
Pandemonium: Depths:3
Ziggurat: Depths:2

Annotations:
Orc:1 2 runed doors, Borueqag's ghost, journeyman MiBe
Vaults:5 corrupted


Innate Abilities, Weirdness & Mutations

You have hooves in place of feet.
Armour fits poorly on your strangely shaped body.
You cover ground very quickly.
You have extremely tough skin. (AC +3)
Your skin changes colour to match your surroundings (Stealth+).
You are agile. (Dex +2)
You can translocate small distances at will.
Your flesh is cold resistant. (rC+)
You are dopey. (Int -2)
You passively map a small area around you.
You occasionally shout uncontrollably at your foes.
You are occasionally teleported next to monsters.
You are very weak. (Str -4)
You expend magic power (3 MP) to strengthen your wands.


Message History

* * * LOW HITPOINT WARNING * * *
You feel yourself slow down.
As you read the scroll of teleportation, it crumbles to dust.
You feel strangely unstable.
Your surroundings suddenly seem different.
You start resting.
A Brimstone Fiend comes into view.
A Brimstone Fiend is nearby!
Press: ? - help, Shift-Dir - straight line, f - Brimstone Fiend
Aim: a Brimstone Fiend (hasn't noticed you, magic immune)
The Brimstone Fiend roars!
The Brimstone Fiend is unaffected.
You feel somewhat more hungry. The Brimstone Fiend gestures at you.
The sphere of damnation explodes!
The damnation engulfs you!
* * * LOW HITPOINT WARNING * * *
As you read the scroll of teleportation, it crumbles to dust.
You feel strangely unstable. The Brimstone Fiend gestures at you.
The sphere of damnation explodes!
The damnation engulfs you!
You die...

#...##.....#..##.#
#..........#......
#..........#......
#..........#......
#..........#......
#..........#......
#..........#......
##########'##......
#.@...........###'#
#.............#....
#.............#....
#.............#....
#.............##...
,,
..#####........#...
...* #..1.....#...
, ... #........#...
.... #........'...


You could see a Brimstone Fiend.

Vanquished Creatures
  4 ancient liches
  Mara (Vaults:3)
  A juggernaut (Depths:5)
  A greater mummy (Tomb:1)
  Boris (Vaults:2)
  Frederick (Vaults:4)
  A pandemonium lord (Pan)
  Vashnia (Snake:4)
  A golden dragon (Depths:4)
  4 bone dragons
  Nikola (Snake:2)
  Jory (Vaults:2)
  3 profane servitors
  A Brimstone Fiend (Pan)
  A Tzitzimitl (Pan)
  A shard shrike zombie (Crypt:1)
  A Hell Sentinel (Pan)
  5 tentacled monstrosities
  2 deep elf blademasters
  12 liches
  5 acid blobs
  9 titans
  12 tentacled starspawn
  5 sphinxes
  4 Executioners
  Kirke (D:15)
  4 tengu reavers
  Agnes (D:14)
  5 ancient champions
  A draconian monk (Depths:5)
  5 storm dragons
  13 nagarajas
  4 shadow dragons
  5 revenants
  An azure jelly (Lair:5)
  8 fire giants
  7 frost giants
  A corrupter (Pan)
  9 deep elf sorcerers
  2 cacodemons (Pan)
  An iron dragon (Depths:5)
  11 ghouls
  20 vault wardens
  2 balrugs
  Louise (Elf:1)
  2 angels (Depths:2)
  6 deep elf elementalists
  A draconian shifter (Abyss:2)
  8 very ugly things
  10 ironheart preservers
  A spriggan defender (Depths:3)
  2 curse skulls (Crypt:2)
  A draconian annihilator (Depths:5)
  2 war gargoyles
  4 reapers
  3 entropy weavers
  13 stone giants
  A blood saint (Pan)
  6 deep elf demonologists
  11 deep elf annihilators
  3 black suns (Pan)
  A green draconian (Depths:5)
  Nessos (D:14)
  2 yellow draconians (Depths:5)
  3 lorocyprocas
  3 black draconians
  7 vampire knights
  Azrael (D:15)
  4 eidola
  7 ettins
  2 red draconians (Depths:5)
  6 dire elephants
  2 pearl dragon zombies (Depths:5)
  4 spark wasps (Depths:3)
  4 blizzard demons (Pan)
  Josephine (D:13)
  A spectral quicksilver dragon (Crypt:3)
  A crystal guardian (Abyss:1)
  24 jiangshi
  2 merfolk javelineers
  2 mummy priests (Tomb:1)
  9 deep elf death magi
  A quicksilver dragon zombie (Abyss:5)
  9 fire dragons
  9 merfolk impalers
  23 naga warriors
  16 yaktaur captains
  8 deep elf high priests
  30 vault guards
  A quicksilver dragon skeleton (Crypt:1)
  6 hydras (Depths:2)
  11 ice dragons
  9 great orbs of eyes
  Harold (D:10)
  8 rakshasas
  Erica (D:8)
  An alligator snapping turtle (Shoals:4)
  2 spriggan air magi
  6 anacondas
  A queen ant (shapeshifter) (Vaults:1)
  6 merfolk avatars
  8 merfolk aquamancers
  8 death knights
  27 two-headed ogres
  8 centaur warriors
  9 ogre magi
  6 satyrs
  5 spriggan berserkers
  A titan zombie (Tomb:1)
  16 thrashing horrors
  36 dancing weapons
  8 deep troll shamans
  7 shock serpents
  4 tengu warriors
  9 deep troll earth magi
  7 hell hogs
  2 orc high priests
  14 naga sharpshooters
  8 vampire magi
  9 sun demons
  A shock serpent (shapeshifter) (Vaults:5)
  24 deep elf knights
  Nergalle (Lair:2)
  5 shadow wraiths
  3 salamander mystics
  14 soul eaters
  7 sixfirhies
  11 hell knights
  A fire crab (shapeshifter) (Depths:2)
  3 spatial maelstroms
  10 wretched stars
  8 iron trolls
  30 skeletal warriors
  23 deep trolls
  An unseen horror (shapeshifter) (Depths:1)
  A ghost moth zombie (Abyss:5)
  2 deep trolls (shapeshifter)
  A death drake (shapeshifter) (Depths:3)
  24 large abominations
  A shadow demon (Pan)
  8 flayed ghosts
  A golden dragon zombie (Crypt:2)
  18 starcursed masses
  10 sea snakes
  6 naga ritualists
  A swamp dragon (shapeshifter) (Depths:2)
  A spectral hydra (Lair:4)
  8 unseen horrors
  24 harpies
  14 deep elf archers
  2 glowing orange brains
  3 torturous demonspawn (Pan)
  8 necromancers
  21 orc knights
  2 wolf spider zombies
  18 ironbrand convokers
  22 phantasmal warriors
  An orb spider (Abyss:1)
  4 wizards
  66 deep elf magi
  2 orc sorcerers (D:12)
  19 manticores
  A wolf spider (shapeshifter) (Vaults:5)
  A salamander (shapeshifter) (Vaults:1)
  A shining eye (shapeshifter) (Vaults:2)
  2 shining eyes
  3 wolf spiders
  An orb spider (shapeshifter) (D:15)
  8 cyclopes
  42 ugly things
  32 fauns
  6 salamanders
  4 oklob plants
  9 mana vipers
  Maurice (D:8)
  A stone giant zombie (Abyss:1)
  10 elephants
  4 apis skeletons (Depths:5)
  A worldbinder (Abyss:2)
  30 black mambas
  14 merfolk sirens
  A frost giant skeleton (Tomb:1)
  An ice statue (Lair:2)
  22 vault sentinels
  15 naga magi
  6 water nymphs
  10 smoke demons
  2 apocalypse crabs
  4 centaur zombies
  7 guardian serpents
  2 gargoyles
  2 orange demons
  A minotaur zombie (Crypt:2)
  A kobold demonologist (D:11)
  An efreet (D:15)
  6 spiny frogs
  2 hellions
  2 rime drakes (shapeshifter)
  A demonic crawler (Abyss:3)
  63 yaktaurs
  3 rime drakes
  A komodo dragon (shapeshifter) (Vaults:3)
  6 centaur skeletons
  A white draconian skeleton (Crypt:2)
  A tormentor (Abyss:1)
  7 komodo dragons
  A yaktaur (shapeshifter) (Vaults:1)
  A golden dragon simulacrum (Crypt:3)
  3 ice devils
  A hydra zombie (Abyss:1)
  4 hellwings
  5 guardian mummies (Tomb:1)
  7 trolls
  16 freezing wraiths
  An entropy weaver simulacrum (Vaults:1)
  3 tengu conjurers
  11 ancient zymes
  8 wind drakes
  A jumping spider (Vaults:4)
  7 polar bears
  A purple draconian skeleton (Crypt:2)
  A blink frog (shapeshifter) (Elf:2)
  15 merfolk
  A sphinx simulacrum (Vaults:3)
  34 raiju
  10 snapping turtles
  17 blink frogs
  7 hornets
  A snapping turtle (shapeshifter) (Depths:4)
  36 slime creatures
  10 dream sheep
  A hippogriff (shapeshifter) (Vaults:3)
  A spectral dream sheep (Lair:4)
  15 hippogriffs
  A spectral black mamba (Lair:4)
  3 spriggans
  63 flying skulls
  5 shadows
  5 redbacks
  26 water elementals
  3 air elementals
  2 dire elephant simulacra (Abyss:5)
  6 ynoxinuls
  4 wyverns
  13 wraiths
  A human (D:10)
  8 fire dragon skeletons (Crypt:1)
  An ice dragon skeleton (Tomb:1)
  27 yaks
  A yak (shapeshifter) (Vaults:4)
  10 fire elementals
  A golden eye (shapeshifter) (Vaults:5)
  3 ushabtiu (Tomb:1)
  6 golden eyes (Slime:1)
  5 basilisks
  5 hogs (D:15)
  10 neqoxecs
  2 humans (shapeshifter)
  5 hungry ghosts
  Grum (D:7)
  11 chaos spawn
  A death yak simulacrum (Lair:5)
  8 wargs
  A swamp worm (shapeshifter) (Depths:4)
  A two-headed ogre zombie (D:12)
  4 insubstantial wisps (Abyss:1)
  2 human simulacra
  54 nagas
  3 acid dragons
  An acid dragon (shapeshifter) (Depths:2)
  8 hell hounds
  12 water moccasins
  11 porcupines
  A spectral torpor snail (Lair:4)
  An infernal demonspawn skeleton (Crypt:1)
  A merfolk skeleton (Crypt:1)
  46 orc warriors
  14 ice beasts
  4 sky beasts
  An ettin simulacrum (Crypt:3)
  A fire dragon simulacrum (Crypt:3)
  A spiny frog skeleton (Crypt:1)
  A phantom (D:6)
  25 small abominations
  3 eyes of draining
  7 necrophages
  A tengu (shapeshifter) (Vaults:4)
  15 boggarts
  11 wolves
  25 ogres
  25 centaurs
  13 crocodiles
  A big kobold (D:13)
  15 bullfrogs
  A gnoll sergeant (D:10)
  A wyvern zombie (D:12)
  7 earth elementals
  7 scorpions
  2 water moccasin skeletons
  6 killer bees
  6 electric eels
  4 wights (Abyss:1)
  2 howler monkeys (D:10)
  3 bullfrog zombies
  8 crimson imps
  2 jellies
  4 quasits (Abyss:1)
  6 bullfrog skeletons
  7 hounds
  23 orc priests
  30 orc wizards
  2 iron imps (Abyss:1)
  3 iguanas
  7 worker ants
  A killer bee zombie (D:9)
  7 ogre zombies (D:12)
  A deep dwarf zombie (Crypt:2)
  An acid dragon zombie (Crypt:2)
  A crocodile skeleton (Crypt:1)
  A deep dwarf skeleton (Crypt:2)
  A hound zombie (D:4)
  6 mummies (Tomb:1)
  2 howler monkey skeletons
  2 worker ant zombies
  11 gnolls
  11 adders
  4 shadow imps
  2 white imps
  An ufetubus (Abyss:3)
  2 oozes (D:1)
  3 worms
  A barachi skeleton (Crypt:1)
  2 dart slugs
  2 leopard geckos
  134 orcs
  11 bats
  A giant cockroach (D:5)
  11 goblins
  4 hobgoblins
  13 jackals
  2 quokkas
  2 ball pythons
  6 frilled lizards
  A giant cockroach zombie (Crypt:2)
  A goblin skeleton (D:12)
  2 goblin zombies (D:12)
  3 hobgoblin zombies (D:12)
  A jackal zombie (D:7)
  10 kobolds
  A leopard gecko zombie (D:6)
  2 orc skeletons (D:12)
  17 orc zombies (D:12)
  A quokka zombie (D:6)
  A rat (shapeshifter) (Vaults:1)
  8 rats
  2 crawling corpses (Elf:3)
  7 fungi
  A lurking horror (Abyss:2)
  31 plants
  13 starspawn tentacles
2696 creatures vanquished.

Vanquished Creatures (others)
  Asterion (D:14)
  A deep elf master archer (Elf:3)
  A vault warden (Vaults:1)
  A deep elf sorcerer (Vaults:5)
  A deep elf elementalist (Abyss:1)
  3 ironheart preservers (Vaults:5)
  A stone giant (Depths:4)
  The ghost of Keumnock the Destroyer, a journeyman DrCj of Okawaru (Lair:5)
  A deep elf annihilator (Vaults:5)
  A blizzard demon (Pan)
  A merfolk javelineer (Shoals:4)
  A deep elf death mage (Vaults:5)
  2 yaktaur captains
  2 naga warriors
  8 hydras
  15 vault guards (Vaults:5)
  An anaconda (Snake:1)
  4 centaur warriors
  3 satyrs
  A dancing weapon (Elf:1)
  2 two-headed ogres
  An ogre mage (Vaults:5)
  A soul eater (Pan)
  2 naga sharpshooters
  A deep elf knight (Elf:1)
  A wretched star (Abyss:5)
  A deep elf archer (Elf:1)
  A death drake (Abyss:1)
  An ironbrand convoker (Vaults:5)
  3 deep elf magi
  4 oklob plants
  3 fauns
  A spiny frog (D:9)
  9 yaktaurs
  An ancient zyme (Abyss:1)
  A tormentor (Pan)
  A merfolk (Shoals:1)
  2 chaos spawn
  A hydra simulacrum (Lair:5)
  A floating eye (shapeshifter) (Vaults:5)
  An orc warrior (Orc:2)
  An ogre (Vaults:5)
  2 small abominations
  6 centaurs
  2 kobolds (D:13)
  11 bushes (Abyss:5)
  8 demonic plants (Abyss:5)
  18 fungi
  4 lurking horrors
  33 plants
  30 starspawn tentacles
204 creatures vanquished.

Grand Total: 2900 creatures vanquished

Notes
Turn   | Place    | Note
-------+----------+-------------------------------------------
     0 | Abyss:1  | Gargoyl the Centaur Abyssal Knight began the quest for the
                  | Orb.
     0 | Abyss:1  | Reached XP level 1. HP: 19/19 MP: 2/2
    74 | Abyss:1  | Found a corrupted altar of Lugonu.
   121 | Abyss:1  | Noticed a raiju
   161 | Abyss:1  | Noticed a rakshasa
   184 | D:1      | Escaped the Abyss
   625 | D:1      | Reached XP level 2. HP: 25/26 MP: 3/3
   636 | D:1      | Found a sparkling altar of Nemelex Xobeh.
   921 | D:1      | Reached skill level 1 in Dodging
   979 | D:1      | Reached * piety under Lugonu
  1060 | D:1      | Reached XP level 3. HP: 27/31 MP: 4/4
  1568 | D:2      | Reached XP level 4. HP: 21/38 MP: 5/5
  3068 | D:3      | Reached XP level 5. HP: 45/45 MP: 7/7
  3090 | D:3      | Found a shattered altar of Ashenzari.
  3119 | D:3      | You fall through a shaft!
  3243 | D:3      | Reached ** piety under Lugonu
  3535 | D:3      | Reached skill level 3 in Invocations
  3542 | D:3      | Reached XP level 6. HP: 52/52 MP: 8/8
  3869 | D:3      | Found a glowing golden altar of the Shining One.
  4298 | D:4      | Reached XP level 7. HP: 19/58 MP: 9/9
  4658 | D:4      | Found a sparkling altar of Nemelex Xobeh.
  4659 | D:4      | Found a hide-covered altar of Uskayaw.
  4702 | D:4      | Found a radiant altar of Vehumet.
  4702 | D:4      | Found a sacrificial altar of Ru.
  4703 | D:4      | Found a shimmering altar of Xom.
  4865 | D:5      | Entered Level 5 of the Dungeon
  4961 | D:5      | Found Feycepoden's Assorted Antiques.
  5255 | D:5      | Reached skill level 4 in Invocations
  5323 | D:5      | Reached *** piety under Lugonu
  5570 | D:6      | Found a staircase to the Ecumenical Temple.
  5914 | D:6      | Reached XP level 8. HP: 61/66 MP: 11/11
  6315 | D:7      | Reached skill level 5 in Axes
  6565 | D:7      | Reached skill level 5 in Invocations
  6614 | D:7      | Reached skill level 1 in Shields
  6824 | D:7      | Reached **** piety under Lugonu
  6927 | D:7      | Noticed a hippogriff
  6936 | D:7      | Killed a hippogriff
  7017 | D:7      | Reached XP level 9. HP: 65/72 MP: 13/13
  7300 | D:8      | Noticed Grum
  7512 | D:7      | Killed Grum
  7607 | D:8      | Reached skill level 5 in Fighting
  7607 | D:8      | Reached skill level 5 in Armour
  7607 | D:8      | Noticed Erica
  7829 | D:7      | Reached skill level 6 in Invocations
  7857 | D:8      | Killed Erica
  8036 | D:8      | Noticed Maurice
  8063 | D:8      | Killed Maurice
  8347 | D:8      | Reached XP level 10. HP: 73/81 MP: 14/14
  8503 | D:9      | Found a staircase to the Lair.
  9139 | D:8      | Reached skill level 5 in Dodging
  9250 | D:8      | Reached skill level 7 in Invocations
  9458 | D:8      | Reached ***** piety under Lugonu
 10024 | D:9      | Identified a scroll of acquirement
 10114 | D:9      | Found an ornate altar of the Wu Jian Council.
 10253 | D:9      | Reached XP level 11. HP: 78/89 MP: 16/16
 10636 | Lair:1   | Entered Level 1 of the Lair of Beasts
 10666 | D:9      | HP: 4/89 [poisoned by a black mamba]
 11801 | Lair:1   | Noticed a four-headed hydra
 11804 | Lair:1   | Banished a four-headed hydra
 11804 | Lair:1   | Reached skill level 8 in Invocations
 12063 | Lair:2   | Found the amulet of the Four Winds {rN+ MR+++ Clar}
 12063 | Lair:2   | Found the +4 arc blade {discharge, rElec}
 13071 | Lair:2   | Noticed Nergalle
 13082 | Lair:2   | Killed Nergalle
 13245 | Lair:2   | Gained mutation: Your mind is acute. (Int +2) [potion of
                  | mutation]
 13245 | Lair:2   | Gained mutation: You have a pair of small antennae on your
                  | head. [potion of mutation]
 13245 | Lair:2   | Gained mutation: Your muscles are strong. (Str +2) [potion
                  | of mutation]
 13246 | Lair:2   | Lost mutation: You have a pair of small antennae on your
                  | head. [potion of mutation]
 13246 | Lair:2   | Lost mutation: Your mind is acute. (Int +2) [potion of
                  | mutation]
 13246 | Lair:2   | Gained mutation: You are agile. (Dex +2) [potion of
                  | mutation]
 13246 | Lair:2   | Gained mutation: Your muscles are very strong. (Str +4)
                  | [potion of mutation]
 13246 | Lair:2   | Gained mutation: You have an increased reservoir of magic.
                  | (+10% MP) [potion of mutation]
 13246 | Lair:2   | Gained mutation: You are somewhat resistant to further
                  | mutation. [potion of mutation]
 13247 | Lair:2   | Lost mutation: You have an increased reservoir of magic.
                  | (+10% MP) [potion of mutation]
 13247 | Lair:2   | Lost mutation: Your muscles are very strong. (Str +4)
                  | [potion of mutation]
 13392 | Lair:2   | Reached XP level 12. HP: 94/97 MP: 18/18
 14418 | Lair:3   | Found a frozen archway.
 14435 | IceCv    | Entered an ice cave
 14511 | IceCv    | Reached skill level 9 in Invocations
 14541 | IceCv    | HP: 5/100 [ice statue] (12)]
 14932 | Lair:3   | Found a staircase to the Snake Pit.
 16413 | Lair:4   | Found a staircase to the Shoals.
 17102 | Lair:4   | Got a smoking amber ring
 17103 | Lair:4   | Identified the ring "Funyr" {rElec rF+ rC+} (You acquired
                  | it on level 4 of the Lair of Beasts)
 17679 | Lair:5   | Found a runed gate.
 17679 | Lair:5   | Found a runed gate.
 17679 | Lair:5   | Found a runed gate.
 17679 | Lair:5   | Noticed Keumnock's ghost (journeyman DrCj)
 17727 | Lair:5   | Found a staircase to the Slime Pits.
 17729 | Lair:5   | Reached skill level 10 in Axes
 18161 | Lair:5   | Noticed a six-headed hydra
 18162 | Lair:5   | Noticed a five-headed hydra
 18167 | Lair:5   | Banished a six-headed hydra
 18168 | Lair:5   | Banished a five-headed hydra
 18182 | Lair:5   | Reached XP level 13. HP: 77/106 MP: 13/20
 19846 | Lair:6   | Entered Level 6 of the Lair of Beasts
 19904 | Lair:6   | Reached skill level 10 in Invocations
 20480 | Lair:6   | Reached skill level 10 in Armour
 21689 | Lair:6   | Noticed a dire elephant
 21761 | Lair:6   | Noticed a dire elephant
 21958 | Lair:6   | Noticed a dire elephant
 21976 | Lair:6   | Killed a dire elephant
 21979 | Lair:6   | Noticed a dire elephant
 22074 | Lair:5   | Banished Keumnock's ghost
 22345 | Lair:6   | Killed a dire elephant
 22471 | Lair:6   | Killed a dire elephant
 22471 | Lair:6   | Reached skill level 11 in Invocations
 22583 | Lair:6   | Killed a dire elephant
 22811 | Lair:6   | Noticed a dire elephant
 22811 | Lair:6   | Noticed a dire elephant
 23227 | Lair:5   | Killed a dire elephant
 23532 | Lair:6   | Killed a dire elephant
 24044 | D:10     | Entered Level 10 of the Dungeon
 24521 | D:10     | Got a heavily runed chain mail
 24532 | D:10     | Identified the +7 chain mail of Least Resistance {rPois}
                  | (You found it on level 10 of the Dungeon)
 24677 | D:10     | Noticed Harold
 24704 | D:10     | Killed Harold
 25638 | D:11     | Reached XP level 14. HP: 115/115 MP: 22/22
 26617 | D:12     | Found a runed door.
 26634 | D:12     | Found a staircase to the Orcish Mines.
 28193 | D:12     | Found a roughly hewn altar of Beogh.
 28499 | D:13     | Found Rainenent's Antique Weapon Shop.
 28786 | D:13     | Reached skill level 12 in Invocations
 28870 | D:13     | Found Bimolush's Gadget Shop.
 29090 | D:13     | Noticed Josephine
 29105 | D:13     | Killed Josephine
 29365 | D:13     | Found Liqifaec's Assorted Antiques.
 29655 | D:14     | Noticed Nessos
 29671 | D:14     | Killed Nessos
 29939 | D:14     | Found an ancient bone altar of Kikubaaqudgha.
 30198 | D:14     | Found Saexom's Food Emporium.
 31109 | D:14     | Found a blossoming altar of Fedhas.
 31146 | D:14     | Found a gate to the Vaults.
 31612 | D:14     | Reached XP level 15. HP: 103/124 MP: 24/24
 32166 | D:15     | Entered Level 15 of the Dungeon
 32166 | D:15     | Found a shadowy altar of Dithmenos.
 32241 | D:15     | Noticed Agnes
 32264 | D:14     | Killed Agnes
 32264 | D:14     | Reached skill level 5 in Shields
 32691 | D:15     | Noticed Azrael
 32721 | D:15     | Killed Azrael
 33085 | D:15     | Found a staircase to the Depths.
 33085 | D:15     | Noticed a fire giant
 33100 | D:15     | Killed a fire giant
 33231 | D:15     | Reached ****** piety under Lugonu
 33620 | D:15     | Noticed Kirke
 33652 | D:15     | Noticed a sphinx
 33655 | D:15     | Killed Kirke
 33875 | Orc:1    | Entered Level 1 of the Orcish Mines
 34157 | Orc:2    | Entered Level 2 of the Orcish Mines
 34226 | Orc:2    | Found Duakan's Distillery.
 34649 | Orc:2    | Reached skill level 13 in Invocations
 34952 | Orc:1    | Found a large runed door.
 34953 | Orc:1    | Found a large runed door.
 34958 | Orc:1    | Noticed Borueqag's ghost (journeyman MiBe)
 35152 | Orc:2    | Found a staircase to the Elven Halls.
 36075 | Orc:2    | Found Kainooph's Magic Scroll Emporium.
 36273 | Orc:2    | Bought a potion of heal wounds for 60 gold pieces
 36273 | Orc:2    | Bought a potion of heal wounds for 60 gold pieces
 36545 | Orc:2    | Found a roughly hewn altar of Beogh.
 36660 | Orc:2    | Found Pesegih's Armour Shop.
 36660 | Orc:2    | Found Sonnus's Armour Emporium.
 36723 | Orc:2    | Bought the +0 mask of the Dragon {MR+ Slay+3 SInv} for 534
                  | gold pieces
 36723 | Orc:2    | Found the +0 mask of the Dragon {MR+ Slay+3 SInv}
 36743 | Orc:2    | Bought a +1 centaur barding of fire resistance for 595 gold
                  | pieces
 36978 | Orc:2    | Bought a scroll of acquirement for 780 gold pieces
 37270 | Snake:1  | Entered Level 1 of the Snake Pit
 37536 | Snake:1  | Reached skill level 10 in Fighting
 38237 | Snake:1  | HP: 2/126 [naga sharpshooter/bolt (15)]
 38712 | Snake:1  | Escaped the Abyss
 38725 | Snake:1  | Reached XP level 16. HP: 73/134 MP: 25/25
 39272 | Snake:1  | Lost mutation: You are somewhat resistant to further
                  | mutation. [potion of mutation]
 39272 | Snake:1  | Lost mutation: You are agile. (Dex +2) [potion of mutation]
 39272 | Snake:1  | Gained mutation: Your magical capacity is low. (-10% MP)
                  | [potion of mutation]
 39272 | Snake:1  | Lost mutation: Your muscles are strong. (Str +2) [potion of
                  | mutation]
 39272 | Snake:1  | Gained mutation: You have a pair of small horns on your
                  | head. [potion of mutation]
 39272 | Snake:1  | Gained mutation: You possess an exceptional clarity of
                  | mind. [potion of mutation]
 39574 | Snake:2  | Noticed Nikola
 39595 | Snake:2  | Killed Nikola
 40605 | Snake:3  | Found a burning altar of Makhleb.
 42824 | Snake:4  | Entered Level 4 of the Snake Pit
 43786 | Snake:3  | HP: 6/136 [naga warrior/hand axe (9)]
 43790 | Snake:3  | Reached skill level 14 in Invocations
 45356 | Snake:4  | Reached XP level 17. HP: 96/141 MP: 25/25
 46557 | Snake:4  | Reached skill level 10 in Dodging
 47196 | Snake:4  | Noticed Vashnia
 47751 | Snake:4  | Killed Vashnia
 48795 | Snake:4  | Got a serpentine rune of Zot
 50895 | Snake:4  | Reached skill level 15 in Invocations
 51730 | Vaults:1 | Entered Level 1 of the Vaults
 51737 | Vaults:1 | Noticed Asterion
 52153 | D:14     | Killed Asterion
 53851 | Vaults:1 | Reached XP level 18. HP: 151/151 MP: 26/26
 54496 | Elf:1    | Entered Level 1 of the Elven Halls
 54556 | Elf:1    | Found a radiant altar of Vehumet.
 54567 | Elf:1    | Noticed Louise
 54601 | Elf:1    | Killed Louise
 57980 | Elf:2    | Found Vegyll's Distillery.
 58226 | Elf:2    | Bought a potion of heal wounds for 105 gold pieces
 58617 | Elf:2    | Found a runed door.
 58643 | Elf:2    | Found a runed door.
 59947 | Elf:2    | Reached XP level 19. HP: 109/160 MP: 27/27
 60618 | Elf:3    | Entered Level 3 of the Elven Halls
 60935 | Elf:3    | Reached skill level 16 in Invocations
 62796 | Elf:3    | Noticed a Brimstone Fiend
 63407 | Elf:3    | Escaped the Abyss
 63833 | Elf:3    | Got a crude bone ring
 64022 | Elf:3    | Noticed a Tzitzimitl
 64492 | Elf:3    | Identified the ring of Iqipnes {+Blink rPois AC+3 Dex-3}
                  | (You took it off a deep elf high priest on level 3 of the
                  | Elven Halls)
 64496 | Elf:3    | Got a brightly glowing golden ring
 64517 | Elf:3    | Got a transparent lapis lazuli ring
 64749 | Elf:3    | Identified Koudghe's Disquisition on Summoning and Venom
 64791 | Elf:3    | Found the +2 pair of boots of the Assassin {Detection Stab+
                  | Stlth++}
 64795 | Elf:3    | Identified the Incunabulum of the Aerial Oath
 64821 | Elf:3    | Got a jewelled arbalest
 64857 | Elf:3    | Got an ichor-stained cloak
 64858 | Elf:3    | Identified the +0 cloak of Deonaem {MR+ Int-5 Dex+5} (You
                  | found it on level 3 of the Elven Halls)
 64860 | Elf:3    | Identified the cursed ring of Tulips {Str-2 Dex+5 Slay+2}
                  | (You found it on level 3 of the Elven Halls)
 64862 | Elf:3    | Identified the ring "Pasuetse" {Fire rElec Str+2 Int+3}
                  | (You took it off a deep elf mage on level 3 of the Elven
                  | Halls)
 65302 | Shoals:1 | Entered Level 1 of the Shoals
 65306 | Shoals:1 | Found Farchan's Assorted Antiques.
 65492 | Shoals:1 | Bought a scroll of teleportation for 105 gold pieces
 65942 | Shoals:1 | Reached skill level 15 in Armour
 66255 | Shoals:1 | Found Rainenent's General Store.
 66335 | Shoals:1 | Found Joelyij's Antique Weapon Shoppe.
 66586 | Shoals:1 | You fall through a shaft!
 66708 | Shoals:2 | Reached XP level 20. HP: 144/170 MP: 29/29
 68069 | Shoals:2 | Reached skill level 15 in Axes
 69516 | Shoals:3 | Reached skill level 17 in Invocations
 69912 | Shoals:3 | Found the +3 salamander hide armour {+Rage rF++}
 69959 | Shoals:4 | Entered Level 4 of the Shoals
 70206 | Shoals:4 | Reached skill level 1 in Throwing
 71773 | Shoals:4 | Got a barnacled rune of Zot
 71811 | Shoals:4 | Found Onamniab's Armour Emporium.
 71848 | Shoals:4 | Reached skill level 10 in Shields
 71920 | Shoals:4 | Found Awiu's Weapon Emporium.
 71920 | Shoals:4 | Found Wukky's Assorted Antiques.
 72098 | Shoals:4 | Identified Tynluf's Tome of Necromancy
 72128 | Shoals:4 | Bought a scroll of teleportation for 108 gold pieces
 72394 | Shoals:4 | Found Pon Lek's General Store.
 74434 | Vaults:1 | Reached XP level 21. HP: 93/179 MP: 30/30
 74722 | Vaults:1 | Found Touliat's Book Shop.
 75204 | Vaults:2 | Found Jarrunaq's Distillery.
 75214 | Vaults:2 | Bought a potion of heal wounds for 65 gold pieces
 75680 | Vaults:2 | Noticed Jory
 75757 | Abyss:1  | Got a polished centaur barding
 75817 | Abyss:1  | Identified the +3 centaur barding of a treasure trove
                  | {*Slow rN+ Dex+6} (You acquired it on level 1 of the Abyss)
 75832 | Vaults:2 | Escaped the Abyss
 75901 | Vaults:2 | Killed Jory
 76492 | Vaults:2 | Found a staircase to the Crypt.
 76599 | Vaults:2 | Found Fidi's Weapon Shoppe.
 78791 | Vaults:3 | Reached skill level 18 in Invocations
 79427 | Vaults:3 | Noticed Boris
 79456 | Vaults:2 | Killed Boris
 79887 | Vaults:3 | Identified the Almanac of Frigorific Curses
 80671 | Vaults:4 | Noticed Frederick
 80682 | Vaults:4 | Killed Frederick
 80938 | Vaults:4 | Found Gyrisuk's General Store.
 80952 | Vaults:4 | Reached XP level 22. HP: 181/189 MP: 31/31
 81076 | Abyss:1  | Got a dazzling broad axe
 81077 | Vaults:4 | Escaped the Abyss
 81458 | Vaults:3 | Identified the +8 broad axe "Benexuog" {elec, +Inv} (You
                  | found it on level 1 of the Abyss)
 81708 | Vaults:4 | Noticed Mara
 82805 | Vaults:3 | Noticed Gargoyl's illusion
 83509 | Vaults:5 | Entered Level 5 of the Vaults
 83510 | Vaults:5 | Corrupted Vaults:5
 84694 | Vaults:5 | Got a flickering silver ring
 85703 | Vaults:5 | Found Napuang's Assorted Antiques.
 85707 | Vaults:5 | Bought a brightly glowing hand axe for 320 gold pieces
 85707 | Vaults:5 | Identified the +3 hand axe of Ijoseidd {chop, rPois} (You
                  | bought it in a shop on level 5 of the Vaults)
 85708 | Vaults:5 | Identified the ring "Revi" {rC+ Slay+2} (You took it off a
                  | frost giant on level 5 of the Vaults)
 85765 | Vaults:5 | Identified the Guide on Talismans
 87662 | Vaults:5 | Found Heulelem's Distillery.
 87667 | Vaults:5 | Reached XP level 23. HP: 181/198 MP: 32/32
 88151 | Vaults:5 | Bought 2 potions of heal wounds for 210 gold pieces
 88151 | Vaults:5 | Bought a potion of heal wounds for 105 gold pieces
 88164 | Vaults:5 | Reached skill level 19 in Invocations
 88199 | Vaults:5 | Got a silver rune of Zot
 88594 | Vaults:5 | Reached skill level 15 in Fighting
 88602 | Vaults:5 | Got a heavily runed jade amulet
 88610 | Vaults:5 | Identified the amulet of Zekhegoe {Spirit Str+4 Stlth+}
                  | (You found it on level 5 of the Vaults)
 88646 | Vaults:5 | Got a shimmering hand axe
 88647 | Vaults:5 | Identified the cursed +1 hand axe of Spite {drain, rElec
                  | rC++} (You found it on level 5 of the Vaults)
 88681 | Vaults:5 | Noticed an ancient lich
 88703 | Vaults:5 | Killed an ancient lich
 89048 | Vaults:5 | Found Waffoepa's Food Emporium.
 89076 | Vaults:5 | Found Kocett's Food Boutique.
 89785 | Crypt:1  | Entered Level 1 of the Crypt
 90677 | Crypt:1  | Escaped the Abyss
 91351 | Crypt:1  | Reached skill level 15 in Dodging
 94345 | Crypt:2  | Reached XP level 24. HP: 178/207 MP: 33/33
 94405 | Crypt:2  | Found an ancient bone altar of Kikubaaqudgha.
 94457 | Crypt:2  | Got a wavering marble ring
 94459 | Crypt:2  | Identified the ring "Acoochu" {rPois rF+ rC- Str+2} (You
                  | acquired it on level 2 of the Crypt)
 94535 | Crypt:3  | Entered Level 3 of the Crypt
 94714 | Crypt:3  | Found a basalt altar of Yredelemnul.
 96160 | Crypt:3  | Found a staircase to the Tomb.
 96160 | Crypt:3  | Noticed an ancient lich
 96182 | Crypt:3  | Killed an ancient lich
 96239 | Crypt:3  | Identified the Incunabulum of Limitation
 96811 | Depths:1 | Entered Level 1 of the Depths
 96845 | Depths:1 | Found a gateway to Hell.
 97627 | Depths:2 | Found a gateway to a ziggurat.
 97749 | Depths:2 | Reached skill level 20 in Invocations
 97926 | Depths:2 | Found a one-way gate to the infinite horrors of the Abyss.
 98024 | Depths:2 | Found Yseugan's Distillery.
 98122 | Depths:2 | Found Fykijugo's Magic Scroll Shop.
 98122 | Depths:2 | Found Kengankynoc's General Store.
 98127 | Depths:2 | Bought a potion of heal wounds for 90 gold pieces
 98127 | Depths:2 | Found Beseig's Magic Scroll Shop.
 99313 | Depths:2 | Reached XP level 25. HP: 174/217 MP: 33/33
 99530 | Depths:3 | Noticed an ancient lich
 99549 | Depths:3 | Killed an ancient lich
 99596 | Depths:3 | Found a one-way gate leading to the halls of Pandemonium.
101427 | Depths:4 | Got a wavering ivory ring
101446 | Depths:4 | Identified the ring "Yfuy" {Ice rElec Int+4} (You found it
                  | on level 4 of the Depths)
102508 | Depths:5 | Entered Level 5 of the Depths
102790 | Depths:5 | Cast into level 4 of the Abyss (a lich)
102790 | Abyss:4  | Found a corrupted altar of Lugonu.
102859 | Abyss:5  | Entered Level 5 of the Abyss
102973 | Depths:5 | Escaped the Abyss
103642 | Depths:5 | Noticed a juggernaut
103656 | Depths:5 | Killed a juggernaut
103673 | Depths:5 | Reached XP level 26. HP: 149/229 MP: 33/33
104404 | Depths:5 | Found a gate to the Realm of Zot.
104863 | Depths:5 | Found a basalt altar of Yredelemnul.
104993 | Depths:5 | Voluntarily entered the Abyss.
105272 | Abyss:2  | Reached skill level 21 in Invocations
105380 | Abyss:2  | Found an iron altar of Okawaru.
105692 | Abyss:3  | Noticed an ancient lich
105714 | Abyss:3  | Killed an ancient lich
106006 | Abyss:5  | Entered Level 5 of the Abyss
106006 | Abyss:5  | Found a corrupted altar of Lugonu.
106135 | Abyss:5  | Reached skill level 15 in Shields
106387 | Depths:5 | Escaped the Abyss
106795 | Depths:5 | Voluntarily entered the Abyss.
106881 | Abyss:1  | Gained mutation: Scrolls take you a little longer to read.
                  | [a neqoxec]
107494 | Abyss:1  | Lost mutation: You possess an exceptional clarity of mind.
                  | [a neqoxec]
107666 | Depths:5 | Escaped the Abyss
107950 | Depths:2 | Bought a potion of mutation for 144 gold pieces
108343 | Vaults:4 | Lost mutation: Your magical capacity is low. (-10% MP)
                  | [potion of mutation]
108343 | Vaults:4 | Gained mutation: You expend magic power (3 MP) to
                  | strengthen your wands. [potion of mutation]
108343 | Vaults:4 | Gained mutation: Your body sometimes deteriorates upon
                  | taking damage. [potion of mutation]
108343 | Vaults:4 | Gained mutation: Your body often deteriorates upon taking
                  | damage. [potion of mutation]
108343 | Vaults:4 | Gained mutation: Your skin changes colour to match your
                  | surroundings (Stealth+). [potion of mutation]
108344 | Vaults:4 | Lost mutation: Your body often deteriorates upon taking
                  | damage. [potion of mutation]
108344 | Vaults:4 | Lost mutation: Your body sometimes deteriorates upon taking
                  | damage. [potion of mutation]
108344 | Vaults:4 | Gained mutation: You have a pair of horns on your head.
                  | [potion of mutation]
108344 | Vaults:4 | Gained mutation: You can translocate small distances at
                  | will. [potion of mutation]
108345 | Vaults:4 | Lost mutation: Scrolls take you a little longer to read.
                  | [potion of mutation]
108345 | Vaults:4 | Lost mutation: You expend magic power (3 MP) to strengthen
                  | your wands. [potion of mutation]
108345 | Vaults:4 | Gained mutation: You are weak. (Str -2) [potion of
                  | mutation]
108345 | Vaults:4 | Gained mutation: You passively map a small area around you.
                  | [potion of mutation]
108346 | Vaults:4 | Lost mutation: You have a pair of horns on your head.
                  | [potion of mutation]
108346 | Vaults:4 | Lost mutation: You have a pair of small horns on your head.
                  | [potion of mutation]
108346 | Vaults:4 | Gained mutation: You are agile. (Dex +2) [potion of
                  | mutation]
108346 | Vaults:4 | Gained mutation: You are occasionally teleported next to
                  | monsters. [potion of mutation]
108346 | Vaults:4 | Gained mutation: You expend magic power (3 MP) to
                  | strengthen your wands. [potion of mutation]
108347 | Vaults:4 | Lost mutation: You are agile. (Dex +2) [potion of mutation]
108347 | Vaults:4 | Lost mutation: You are weak. (Str -2) [potion of mutation]
108347 | Vaults:4 | Gained mutation: You are agile. (Dex +2) [potion of
                  | mutation]
108347 | Vaults:4 | Gained mutation: Your flesh is cold resistant. (rC+)
                  | [potion of mutation]
108400 | Vaults:3 | Noticed Gargoyl's illusion
108418 | Vaults:3 | Killed Mara
109084 | Slime:1  | Entered Level 1 of the Pits of Slime
109158 | Slime:1  | Gained mutation: You are weak. (Str -2) [a shining eye]
109434 | Slime:1  | Gained mutation: You are dopey. (Int -2) [a shining eye]
110292 | Abyss:1  | Reached XP level 27. HP: 240/240 MP: 37/37
110300 | Slime:1  | Escaped the Abyss
110865 | Tomb:1   | Entered Level 1 of the Tomb of the Ancients
111067 | Tomb:1   | Identified Vehumet's Handbook of Conjuration
111478 | Tomb:1   | Noticed a greater mummy
111492 | Tomb:1   | Killed a greater mummy
111575 | Tomb:1   | Noticed a greater mummy
111576 | Tomb:1   | Noticed a greater mummy
111576 | Tomb:1   | Noticed a greater mummy
111576 | Tomb:1   | Noticed a greater mummy
111576 | Tomb:1   | Noticed a greater mummy
111576 | Tomb:1   | Noticed a greater mummy
113138 | Depths:3 | Voluntarily entered the Abyss.
113138 | Abyss:1  | Found a corrupted altar of Lugonu.
113140 | Depths:3 | Escaped the Abyss
113156 | Pan      | Entered Pandemonium
113416 | Pan      | Gained mutation: You occasionally shout uncontrollably at
                  | your foes. [a cacodemon]
113429 | Pan      | Gained mutation: You are very weak. (Str -4) [a cacodemon]
113895 | Pan      | Escaped the Abyss
114959 | Pan      | Noticed Qocasa the pandemonium lord
114976 | Pan      | Killed Qocasa the pandemonium lord
115897 | Pan      | Reached skill level 22 in Invocations
116128 | Pan      | Killed from afar by a Brimstone Fiend

Skill      XL: |  1  2  3  4  5  6  7  8  9 10 11 12 13 14 15 16 17 18 19 20 21 22 23 24 25 26 27 |
---------------+----------------------------------------------------------------------------------+-----
Axes           | 2 3 4 6 7 9 10 11 12 13 14 15 16 17 18 | 18.0
Dodging        | 1 2 3 4 5 6 7 8 9 10 11 12 13 14 15 16 | 16.8
Armour         | 2 3 4 5 7 8 9 10 11 12 13 14 15 16 17 18 | 18.2
Invocations    | 3 4 5 6 7 8 9 11 12 13 14 15 16 17 18 19 20 21 22 | 22.0
Fighting       | 4 5 6 7 8 9 10 11 12 13 14 15 16 17 18 19 | 19.3
Shields        | 1 2 3 4 5 6 8 9 10 11 12 13 14 15 16 | 16.0
Throwing       | 1 |  1.1
Evocations     | |  0.6

Action                   |  1- 3 |  4- 6 |  7- 9 | 10-12 | 13-15 | 16-18 | 19-21 | 22-24 | 25-27 || total
-------------------------+-------+-------+-------+-------+-------+-------+-------+-------+-------++-------
Melee: Hand axe          |    79 |   193 |   238 |   652 |  1889 |  1770 |  2058 |    39 |       ||  6918
       Kick              |    14 |    27 |    50 |   206 |   672 |   570 |   717 |   788 |   860 ||  3904
       Headbutt          |       |       |       |       |       |   373 |   465 |   496 |   363 ||  1697
       Broad axe         |       |       |       |       |       |       |       |  1600 |  1674 ||  3274
Throw: Tomahawk          |       |       |       |       |     8 |     2 |     6 |       |       ||    16
Invok: Depart the Abyss  |     1 |       |       |       |     1 |       |     2 |     2 |     5 ||    11
       Bend Space        |       |       |       |     2 |     3 |     2 |     3 |     4 |     3 ||    17
       Banish            |       |       |       |     9 |    24 |    13 |     9 |     6 |     7 ||    68
       Enter the Abyss   |       |       |       |       |     1 |       |     2 |     2 |     2 ||     7
       Corrupt           |       |       |       |       |       |       |       |     1 |       ||     1
 Abil: Evoke Invisibilit |       |       |       |       |       |       |       |       |     1 ||     1
Evoke: Wand              |       |       |       |       |     2 |       |       |     3 |       ||     5
  Use: Scroll            |     4 |     7 |     6 |    18 |    17 |     9 |    21 |    22 |    13 ||   117
       Potion            |     1 |       |     2 |     4 |     8 |    13 |     4 |     4 |    11 ||    47
 Stab: Distracted        |       |       |       |       |     1 |       |     1 |     1 |     1 ||     4
  Eat: Chunk             |       |     5 |     7 |    11 |    20 |     8 |    21 |    12 |    10 ||    94
       Ration            |       |     1 |     2 |     7 |    15 |    17 |    13 |    13 |    12 ||    80
Armor: Leather armour    |    40 |   109 |    10 |       |       |       |       |       |       ||   159
       Chain mail        |       |       |   128 |   410 |   995 |   773 |   679 |   741 |   560 ||  4286
Dodge: Dodged            |    45 |   134 |    77 |   167 |   437 |   318 |   355 |   527 |   526 ||  2586
Block: Other             |       |     3 |     1 |       |       |       |       |       |       ||     4
       Buckler           |       |       |    55 |   197 |   488 |   244 |       |       |       ||   984
       Reflection        |       |       |     3 |     2 |    42 |    79 |   173 |    68 |    83 ||   450
       Shield            |       |       |       |       |       |   333 |  1316 |  1601 |  1480 ||  4730
